 Dungeon Crawl Stone Soup version 0.29.1-2-gbd0b4ee654 (webtiles) character file.

Game seed: 12583018194690104668

66240 Firos the Transmogrifier (level 15, -3/133 HPs)
             Began as an Octopode Transmuter on Nov 8, 2022.
             Was the Champion of Cheibriados.
             Killed from afar by a salamander tyrant (35 damage)
             ... on level 4 of the Snake Pit.
             The game lasted 01:02:35 (21504 turns).

Firos the Transmogrifier (Octopode Transmuter)     Turns: 21504, Time: 01:02:36

Health: -3/133     AC: 33    Str: 25    XL:     15   Next: 19%
Magic:  28/28      EV: 25    Int: 38    God:    Cheibriados [******]
Gold:   1367       SH:  0    Dex: 27    Spells: 12/32 levels left

rFire   . . .      SeeInvis +     - Unarmed
rCold   . . .      Faith    .   (no shield)
rNeg    + . .      Spirit   .   (helmet restricted)
rPois   ∞          Reflect  .   l - amulet of regeneration
rElec   +          Harm     .   k - ring of flight
rCorr   +          Rampage  .   r - +4 ring of protection
Will    +....                   w - ring of Uptageu {rCorr SInv Stlth+}
Stlth   +++++++...              z - +4 ring of evasion
HPRegen 1.12/turn               (no ring)
MPRegen 0.21/turn               (no ring)
                                (no ring)
                                (no ring)

@: about to teleport, statue-form, weakened, flying, invisible, very slow
A: slow and powerful, torment resistance 1, boosted hp, almost no armour,
amphibious, 8 rings, camouflage 1, (gelatinous body 1), (nimble swimmer 1),
tentacles, electricity resistance
a: End Transformation, Renounce Religion, Bend Time, Temporal Distortion,
Slouch, Step From Time


You were on level 4 of the Snake Pit.
You worshipped Cheibriados.
Cheibriados was exalted by your worship.
You were a living statue of rough stone.
You visited 5 branches of the dungeon, and saw 22 of its levels.

You collected 2460 gold pieces.
You spent 1093 gold pieces at shops.

Inventory:

Missiles
 v - 2 throwing nets
Armour
 j - a +1 buckler
 x - a +1 tower shield of protection
Jewellery
 i - an amulet of faith
 k - a ring of flight (left tentacle)
 l - an amulet of regeneration (around mantle)
 r - a +4 ring of protection (right tentacle)
 w - the ring of Uptageu (on tentacle) {rCorr SInv Stlth+}
   (You acquired it on level 1 of the Snake Pit)

   [ring of see invisible]

   SInv:      It lets you see invisible.
   rCorr:     It protects you from acid and corrosion.
   Stlth:     It makes you more stealthy.
 z - a +4 ring of evasion (on tentacle)
Wands
 g - a wand of iceblast (21)
 m - a wand of paralysis (5)
 o - a wand of acid (12)
 q - a wand of flame (44)
Scrolls
 e - 8 scrolls of teleportation
 u - 3 scrolls of enchant weapon
 A - a scroll of identify
Potions
 a - 7 potions of lignification
 b - 4 potions of ambrosia
 c - a potion of magic
 d - 5 potions of brilliance
 f - 6 potions of curing
 h - 2 potions of might
 n - 6 potions of cancellation
 s - 2 potions of flight
 t - a potion of heal wounds


   Skills:
 + Level 9.6 Fighting
 + Level 9.8 Dodging
 - Level 10.4 Stealth
 + Level 1.9 Shields
 * Level 10.3 Unarmed Combat
 + Level 9.4 Spellcasting
 + Level 0.5 Translocations
 * Level 14.1 Transmutations
 + Level 6.0 Earth Magic
 * Level 7.2 Invocations
 - Level 4.0 Evocations


You had 12 spell levels left.
You knew the following spells:

 Your Spells              Type           Power      Damage    Failure   Level
a - Mephitic Cloud        Conj/Pois/Air  17%        N/A       6%          3
b - Wereblood             Tmut           90%        N/A       0%          2
c - Spider Form           Tmut/Pois      64%        N/A       1%          3
d - Ice Form              Ice/Tmut       64%        N/A       1%          4
e - Statue Form           Tmut/Erth      50%        N/A       5%          6
f - Blink                 Tloc           42%        N/A       2%          2

Your spell library contained the following spells:

 Spells                   Type           Power      Damage    Failure   Level
 Beastly Appendage        Tmut           100%       N/A       0%          1
 Ignite Poison            Fire/Tmut/Pois 52%        N/A       1%          3
 Magic Dart               Conj           68%        1d6       2%          1
 Call Imp                 Summ           17%        N/A       3%          2
 Lesser Beckoning         Tloc           21%        N/A       5%          3
 Teleport Other           Tloc           21%        N/A       5%          3
 Conjure Flame            Conj/Fire      17%        6-21      6%          3
 Airstrike                Air            8%         2d(2-18)  22%         4
 Sticky Flame             Conj/Fire      17%        2d4       22%         4
 Summon Lightning Spire   Summ/Air       17%        N/A       22%         4
 Manifold Assault         Tloc           21%        N/A       43%         5
 Lightning Bolt           Conj/Air       8%         1d21      52%         5
 Storm Form               Tmut/Air       32%        N/A       69%         7
 Dispersal                Tloc           10%        N/A       95%         6
 Disjunction              Tloc           10%        N/A       100%        8


Dungeon Overview and Level Annotations

Branches:
Dungeon (12/15)            Temple (1/1) D:5            Lair (3/5) D:9
  Swamp (0/4) Lair:2        Snake (4/4) Lair:3          Orc (2/2) D:10
    Elf (0/3) Orc:2

Altars:
Ashenzari
Cheibriados
Dithmenos
Elyvilon
Fedhas
Gozag
Kikubaaqudgha
Makhleb
Nemelex Xobeh
Okawaru
Ru
Sif Muna
Trog
Uskayaw
Vehumet
Xom
Yredelemnul
Zin

Shops:
D:1 !   D:3 =   D:5 =   D:10 ::!   Orc:1 =   Orc:2 :[((   Snake:2 *
Snake:3 [!=

Portals:
Trove: D:11 (give ring of the Lonely Knives)

Annotations:
D:9 1 transporter
Lair:3 exclusion: 3 oklob plants


Innate Abilities, Weirdness & Mutations

You are a living statue of rough stone.
Your actions are slow, but your melee attacks are powerful.
You are resistant to unholy torment.
Your maximum health is greatly increased.
You are immune to poison.
You cannot wear most types of armour.
You are amphibious.
You can wear up to eight rings at the same time.
Your skin changes colour to match your surroundings (Stealth+).
((Your rubbery body absorbs attacks. (AC +1, EV +1)))
((You are camouflaged when in or above water. (Stealth+)))
You have tentacles for arms and can constrict up to eight enemies at once.
You are resistant to electric shocks. (rElec)


Message History

The salamander tyrant is heavily wounded.
You constrict the salamander tyrant.
The salamander tyrant calls gouts of flame from the lava!
The flame surge hits you!!! The salamander misses you.
The salamander completely misses you. The salamander closely misses you.
The salamander tyrant completely misses you.
The salamander hits you with a +0 halberd.
You are engulfed in flames!
The salamander hits you.
You are engulfed in flames!
* * * LOW HITPOINT WARNING * * *
Okay, then.
Okay, then.
Okay, then.
Blink to where?
Press: ? - help, Dir - move target You lose your grip on the salamander tyrant.
As you read the scroll of blinking, it crumbles to dust.
Okay, then.
You fade into invisibility!
The salamander tyrant rends the earth beneath you!
The blast of magma engulfs you but does no damage.
Aiming: Paralyse
Press: ? - help, Shift-Dir - straight line, f - salamander tyrant
Aim: a salamander tyrant (heavily wounded, fast, unable to see you, chance to affect: 25%)
Okay, then.
The salamander tyrant calls gouts of flame from the lava!
The flame surge hits you but does no damage.
The salamander tyrant hits you but does no damage.
You batter the salamander tyrant!! You grab the salamander tyrant.
The salamander tyrant is almost dead.
You constrict the salamander tyrant.
The salamander tyrant barely misses you.
The salamander tyrant calls gouts of flame from the lava!
The flame surge hits you!
* * * LOW HITPOINT WARNING * * *
As you read the scroll of teleportation, it crumbles to dust.
You feel strangely unstable.
You constrict the salamander tyrant!
The salamander tyrant rends the earth beneath you!
The blast of magma engulfs you!!
You die...

..####.......))......
...#........########
#......[...##
##..........##
##......N...##..
#....N.........
##.....N........
#..≈.N.....#....
##..≈.8...####... ..#
#.......### .. ...#
##.....###
....####!....##
#..........##
#........## #......##
##....## #...##


You could see a salamander tyrant (fast, unable to see you) and 3 salamanders.

Vanquished Creatures
  Jorgrun (Orc:2)
  Rupert (D:12)
  A vault guard (D:11)
  Harold (D:11)
  A salamander tyrant (Snake:3)
  2 hydras
  Erica (Orc:1)
  3 anacondas
  3 two-headed ogres
  A centaur warrior (D:12)
  7 naga warriors
  The ghost of minbekrie the Grappler, a novice TrMo of Okawaru (D:8)
  5 naga sharpshooters
  4 orc high priests (Orc:2)
  Sonja (Orc:2)
  3 shock serpents
  3 salamander mystics
  A naga ritualist (Snake:1)
  7 orc knights
  3 mana vipers
  6 orc sorcerers
  6 salamanders
  12 black mambas
  A manticore (D:11)
  7 naga magi
  2 guardian serpents
  2 cane toads (Lair:2)
  3 unseen horrors
  2 rime drakes (Lair:2)
  A komodo dragon (Lair:1)
  6 trolls
  5 polar bears (Lair:3)
  A tyrant leech (Lair:2)
  A hornet (D:7)
  5 slime creatures (D:12)
  18 blink frogs
  5 wraiths
  A vampire (D:10)
  A human (D:10)
  16 yaks
  2 shadows (D:12)
  A basilisk (Lair:2)
  3 wyverns
  4 vampire mosquitoes
  A steam dragon (D:8)
  18 nagas
  7 wargs
  2 acid dragons (D:9)
  A swamp worm (Lair:2)
  9 water moccasins
  25 orc warriors
  3 ice beasts (D:6)
  3 sky beasts (D:7)
  3 black bears
  6 wolves (Orc:2)
  5 centaurs
  8 ogres
  A phantom (D:6)
  A kobold brigand (D:7)
  17 bullfrogs
  5 scorpions
  4 wights (D:7)
  A killer bee (D:7)
  4 howler monkeys
  2 hounds (D:7)
  A jelly (D:5)
  14 orc priests
  2 gnoll boudas
  4 iguanas
  24 orc wizards
  13 gnolls
  9 adders
  5 white imps (D:7)
  4 ufetubi
  4 worms
  2 dart slugs
  73 orcs
  4 bats
  12 endoplasms
  5 giant cockroaches
  6 hobgoblins
  5 jackals
  6 quokkas
  8 ball pythons
  3 frilled lizards
  9 goblins
  12 kobolds
  7 rats
519 creatures vanquished.

Vanquished Creatures (others)
  An orc wizard (Orc:2)
  5 fungi
  13 plants
19 creatures vanquished.

Grand Total: 538 creatures vanquished

Notes
Turn   | Place    | Note
-------+----------+-------------------------------------------
     0 | D:1      | Firos the Octopode Transmuter began the quest for the Orb.
     0 | D:1      | Reached XP level 1. HP: 13/13 MP: 3/3
   189 | D:1      | Reached XP level 2. HP: 4/18 MP: 5/5
   846 | D:1      | Learned a level 2 spell: Wereblood
   922 | D:1      | Found Timim's Distillery.
   930 | D:1      | Bought a potion of heal wounds for 65 gold pieces
   951 | D:1      | Reached skill level 3 in Transmutations
   961 | D:1      | Reached XP level 3. HP: 23/23 MP: 6/6
   965 | D:1      | Learned a level 3 spell: Spider Form
  1069 | D:1      | Found a faded altar of an unknown god.
  1743 | D:2      | Reached XP level 4. HP: 17/28 MP: 4/8
  2647 | D:3      | Found Ocuis's Jewellery Emporium.
  2670 | D:3      | Reached skill level 4 in Transmutations
  3065 | D:3      | Reached XP level 5. HP: 24/33 MP: 6/9
  4002 | D:3      | Learned a level 4 spell: Ice Form
  4238 | D:3      | Noticed an ogre
  4246 | D:3      | Killed an ogre
  4247 | D:3      | Reached skill level 1 in Stealth
  4247 | D:3      | Reached skill level 5 in Transmutations
  4247 | D:3      | Reached XP level 6. HP: 20/38 MP: 6/11
  4400 | D:3      | Found a white marble altar of Elyvilon.
  4869 | D:5      | Entered Level 5 of the Dungeon
  5041 | D:4      | HP: 1/38 [gnoll bouda/+0 whip (5)]
  5501 | D:4      | Identified the +5 dagger "Hydra's Nightmare" {freeze, Fly
                  | Str-3 Dex+5}
  5588 | D:4      | Noticed a black bear
  5594 | D:4      | Killed a black bear
  5595 | D:4      | Reached XP level 7. HP: 43/45 MP: 8/12
  5806 | D:4      | Gained mutation: You occasionally lose the ability to drink
                  | potions when taking damage. [potion of mutation]
  5806 | D:4      | Gained mutation: You are somewhat resistant to further
                  | mutation. [potion of mutation]
  5807 | D:4      | Lost mutation: You occasionally lose the ability to drink
                  | potions when taking damage. [potion of mutation]
  5807 | D:4      | Lost mutation: You are somewhat resistant to further
                  | mutation. [potion of mutation]
  5807 | D:4      | Gained mutation: You are resistant to electric shocks.
                  | (rElec) [potion of mutation]
  6333 | D:5      | Found a staircase to the Ecumenical Temple.
  6354 | D:5      | Found a burning altar of Makhleb.
  6361 | Temple   | Entered the Ecumenical Temple
  6445 | Temple   | Became a worshipper of Cheibriados the Contemplative
  6639 | D:5      | Found Ygimid's Jewellery Shop.
  6803 | D:5      | Found a blossoming altar of Fedhas.
  7155 | D:5      | Reached skill level 6 in Transmutations
  7648 | D:6      | Reached XP level 8. HP: 44/51 MP: 7/14
  7726 | D:6      | Noticed a troll
  7739 | D:6      | Killed a troll
  7898 | D:6      | Reached * piety under Cheibriados
  8365 | D:6      | Reached skill level 5 in Stealth
  8365 | D:6      | Reached skill level 7 in Transmutations
  8369 | D:6      | Reached XP level 9. HP: 58/58 MP: 11/16
  8701 | D:6      | Learned a level 3 spell: Mephitic Cloud
  9342 | D:7      | Reached skill level 5 in Unarmed Combat
  9354 | D:7      | Reached skill level 5 in Spellcasting
  9417 | D:7      | Found a hide-covered altar of Uskayaw.
  9535 | D:7      | Reached ** piety under Cheibriados
  9801 | D:7      | Reached skill level 8 in Transmutations
  9941 | D:7      | Noticed a hornet
  9956 | D:7      | Killed a hornet
  9957 | D:7      | Reached skill level 5 in Dodging
  9962 | D:7      | Reached XP level 10. HP: 65/65 MP: 12/18
  9966 | D:7      | Reached *** piety under Cheibriados
 10135 | D:8      | Found a runed translucent door.
 10137 | D:8      | Noticed minbekrie's ghost (novice TrMo)
 10155 | D:8      | Killed minbekrie's ghost
 10156 | D:8      | Reached skill level 5 in Fighting
 10413 | D:8      | Noticed a two-headed ogre
 10428 | D:8      | Killed a two-headed ogre
 10429 | D:8      | Reached skill level 9 in Transmutations
 10515 | D:8      | Found a glowing silver altar of Zin.
 10653 | D:8      | Found a broken altar of Ashenzari.
 10775 | D:8      | Found an ancient bone altar of Kikubaaqudgha.
 10855 | D:9      | Reached skill level 1 in Evocations
 10956 | D:9      | Found a transporter.
 11033 | D:9      | Found a staircase to the Lair.
 11496 | D:9      | Killed an unseen horror
 11497 | D:9      | Reached XP level 11. HP: 70/72 MP: 20/20
 11695 | D:10     | Entered Level 10 of the Dungeon
 11810 | Lair:1   | Entered Level 1 of the Lair of Beasts
 11844 | Lair:1   | Reached **** piety under Cheibriados
 11875 | Lair:1   | Noticed an eight-headed hydra
 11905 | Lair:1   | Killed an eight-headed hydra
 12065 | Lair:1   | Reached skill level 10 in Transmutations
 13093 | Lair:2   | Reached ***** piety under Cheibriados
 13242 | Lair:2   | Identified the +1 leather armour of Free Expression {-Cast
                  | Str+5 Stlth+}
 13250 | Lair:2   | Noticed a six-headed hydra
 13262 | Lair:2   | Killed a six-headed hydra
 13263 | Lair:2   | Reached XP level 12. HP: 80/80 MP: 16/22
 13315 | Lair:2   | Reached skill level 1 in Invocations
 13378 | Lair:2   | Found a staircase to the Swamp.
 13456 | Lair:2   | Reached skill level 11 in Transmutations
 13781 | Lair:3   | Reached skill level 10 in Stealth
 13990 | Lair:3   | Found a staircase to the Snake Pit.
 14864 | D:10     | Found Igaonnoz's Book Shoppe.
 14881 | D:10     | Bought the Volume of Elliptic Clay for 390 gold pieces
 14888 | D:10     | Learned a level 6 spell: Statue Form
 14958 | D:10     | Bought an Inescapable Atlas for 442 gold pieces
 14961 | D:10     | Learned a level 2 spell: Blink
 15122 | D:10     | Found Zofet's Distillery.
 15130 | D:10     | Bought a potion of heal wounds for 70 gold pieces
 15130 | D:10     | Bought a potion of heal wounds for 70 gold pieces
 15130 | D:10     | Bought a potion of might for 56 gold pieces
 15146 | D:10     | Found a staircase to the Orcish Mines.
 15442 | D:10     | Found Duav Yzi's Book Shoppe.
 15809 | D:11     | Reached skill level 1 in Earth Magic
 16029 | D:11     | Noticed a two-headed ogre
 16041 | D:11     | Killed a two-headed ogre
 16101 | D:11     | Noticed Harold
 16122 | D:11     | Killed Harold
 16548 | D:11     | Noticed a vault guard
 16557 | D:11     | Killed a vault guard
 16562 | D:11     | Found a portal to a secret trove of treasure.
 16626 | Orc:1    | Entered Level 1 of the Orcish Mines
 16641 | Orc:1    | Reached XP level 13. HP: 82/88 MP: 18/24
 16645 | Orc:1    | Reached ****** piety under Cheibriados
 16805 | Orc:1    | Noticed Erica
 16810 | Orc:1    | Killed Erica
 16811 | Orc:1    | Reached skill level 12 in Transmutations
 16958 | Orc:1    | Found Viry's Jewellery Shop.
 17309 | Orc:2    | Entered Level 2 of the Orcish Mines
 17477 | Orc:2    | Found Wasme's Weapon Shop.
 17496 | Orc:2    | Paralysed by an orc sorcerer for 5 turns
 17566 | Orc:2    | Found Hiczebo's Armour Shoppe.
 17596 | Orc:2    | Found Modutriune's Book Shoppe.
 17598 | Orc:2    | Found Zumofuze's Weapon Shop.
 17639 | Orc:2    | Reached skill level 5 in Invocations
 17711 | Orc:2    | Noticed Sonja
 17718 | Orc:2    | Killed Sonja
 17786 | Orc:2    | Noticed Jorgrun
 17795 | Orc:2    | Killed Jorgrun
 17991 | Orc:2    | Found a staircase to the Elven Halls.
 18297 | D:12     | Noticed Rupert
 18345 | D:12     | Reached XP level 14. HP: 95/95 MP: 22/26
 18393 | D:12     | Killed Rupert
 18394 | D:12     | Reached skill level 13 in Transmutations
 19066 | Snake:1  | Entered Level 1 of the Snake Pit
 19415 | Snake:1  | Reached skill level 5 in Earth Magic
 19806 | Snake:1  | Identified a scroll of acquirement
 19806 | Snake:1  | Acquired the ring of Uptageu {rCorr SInv Stlth+}
 19889 | Snake:2  | Found Hiroerr's General Store.
 20616 | Snake:3  | Reached skill level 10 in Unarmed Combat
 20744 | Snake:3  | Reached skill level 1 in Shields
 20819 | Snake:3  | Reached XP level 15. HP: 102/102 MP: 22/28
 20836 | Snake:3  | Reached skill level 14 in Transmutations
 20887 | Snake:3  | Found Ricaweb's Jewellery Boutique.
 20891 | Snake:3  | Found Atadod's Distillery.
 20892 | Snake:3  | Found Xoeppa Jose's Armour Boutique.
 21208 | Snake:3  | Found an iron altar of Okawaru.
 21418 | Snake:4  | Entered Level 4 of the Snake Pit
 21504 | Snake:4  | Killed from afar by a salamander tyrant

Illustrated notes

Levels and vault maps discovered:
D:1:      psy_arrival_basics, layout_basic,
          shapermc_ecumenical_altar_totnotflames, serial_shops,
          nicolae_shop_waterfront, ebering_dispersal_statue_hall,
          grunt_decor_junction, minmay_splitting_lines, minmay_hexomino_p4
D:2:      layout_rooms, st_stairs_5
D:3:      layout_loops_ring, marbit_many_paths, serial_shops, shop_statue
D:4:      layout_cave_pods
D:5:      layout_loops_ring, fedhas_altar_fruit_tree,
          mainiacjoe_overflow_boulevard, temple_pool_b, serial_shops,
          nicolae_diamond_shop
D:6:      layout_gridville, corexii_checkpoint_a, st_stairs_2,
          serial_bayou_pond_d, chequers_mini_garden, kennysheep_cluttered_room,
          roderic_three_in_a_row
D:7:      minmay_polygon_palace, layout_basic, lemuel_doored_altar
D:8:      layout_rooms, mainiacjoe_overflow_alcove_2,
          mainiacjoe_overflow_small_starburst, zin_academy,
          ebering_ghost_reflecting_pool, minivault_22, chequers_jeans
D:9:      layout_loops_ring, dpeg_oklobed_lair, corner_web_ring,
          nicolae_diode_basic
D:10:     layout_cave_pools, erik_orc_4, serial_shops, kennysheep_mini, shop,
          nicolae_shop_hallway_stairs
D:11:     layout_layer_cave, enter_trove_5, uniq_harold
D:12:     layout_basic, uniq_rupert
Temple:   bh_familiar_temple
Lair:1:   layout_cave_pods, lemuel_fruit_fields, grunt_megastairs_1
Lair:2:   layout_misc_corridors, minmay_swamp_entry_worms
Lair:3:   dpeg_oklob_gauntlet, layout_gridlike,
          minmay_snake_entry_guardpost_small, serial_bayou,
          serial_bayou_lagoon_b, serial_bayou_shore_b, serial_bayou_crossing,
          serial_bayou_pond_e, cheibrodos_lair_lostbears
Snake:1:  layout_misc_corridors, hangedman_snake_thin_pillar_pass
Snake:2:  layout_misc_corridors, serial_shops, nicolae_take_the_stairs
Snake:3:  layout_cave_pods, basic_altar, corexii_hall_statues_deadend,
          minmay_shop_star, grunt_megastairs_2
Snake:4:  snake_pit_salamanders_mu, layout_layer_cave, basic_altar,
          nicolae_snake_salamander_fort
Orc:1:    layout_caves, serial_shops, nicolae_shop_advertising_works
          [nicolae_subvault_shop_adworks], uniq_erica
Orc:2:    st_orc_elflike, layout_caves, mines5_lemuel, uniq_jorgrun, uniq_sonja

Skill      XL: |  1  2  3  4  5  6  7  8  9 10 11 12 13 14 15 |
---------------+----------------------------------------------+-----
Transmutations | 3 4 5 6 7 8 9 10 11 12 13 14 | 14.1
Spellcasting   | 3 4 5 6 7 8 9 |  9.4
Stealth        | 1 2 3 5 6 8 9 10 | 10.4
Fighting       | 2 3 4 5 6 7 8 9 |  9.6
Dodging        | 3 4 5 6 7 8 9 |  9.8
Unarmed Combat | 4 5 6 7 8 9 10 | 10.3
Evocations     | 2 4 |  4.0
Invocations    | 3 5 6 7 |  7.2
Earth Magic    | 1 4 5 6 |  6.0
Shields        | 1 |  1.9
Translocations | |  0.5

Action                   |  1- 3 |  4- 6 |  7- 9 | 10-12 | 13-15 || total
-------------------------+-------+-------+-------+-------+-------++-------
Melee: Unarmed           |    94 |   183 |   246 |   454 |   438 ||  1415
       Constrict         |    25 |    15 |     6 |    10 |    77 ||   133
       Tentacles         |    20 |    12 |     8 |    13 |   116 ||   169
       Kick              |     6 |     3 |       |       |       ||     9
       Punch             |     2 |       |     1 |     2 |    33 ||    38
 Cast: Beastly Appendage |     2 |     2 |     1 |       |       ||     5
       Spider Form       |     2 |    17 |    14 |       |       ||    33
       Wereblood         |       |     3 |     7 |    12 |     6 ||    28
       Ice Form          |       |       |    14 |    50 |     3 ||    67
       Mephitic Cloud    |       |       |       |     3 |     1 ||     4
       Statue Form       |       |       |       |     3 |    48 ||    51
       Blink             |       |       |       |       |     3 ||     3
Invok: Temporal Distorti |       |       |       |     1 |       ||     1
       Bend Time         |       |       |       |     1 |       ||     1
 Abil: End Transformatio |       |       |     1 |       |       ||     1
Evoke: Wand              |       |       |     2 |     5 |     1 ||     8
  Use: Scroll            |     3 |     3 |     7 |     9 |     9 ||    31
       Potion            |       |     4 |     4 |     4 |     2 ||    14
 Stab: Sleeping          |     8 |     5 |     5 |     9 |    15 ||    42
       Distracted        |       |       |     1 |       |     3 ||     4
       Paralysed         |       |       |     8 |       |       ||     8
       Confused          |       |       |       |     1 |       ||     1
Armor: Skin              |     8 |    11 |    49 |   238 |   269 ||   575
Dodge: Dodged            |    49 |   188 |   158 |   380 |   737 ||  1512
